 Dungeon Crawl Stone Soup version 0.20-a0-945-g3bf614a (webtiles) character file.

53 Herrn the Grave Robber (level 3, -4/26 HPs)
             Began as a Mummy Wanderer on Apr 2, 2017.
             Slain by a gnoll
             ... wielding a +0 halberd
              (10 damage)
             ... on level 1 of the Dungeon.
             The game lasted 00:04:37 (2177 turns).

Herrn the Grave Robber (Mummy Wanderer)             Turns: 2177, Time: 00:04:37

Health: -4/26      AC: 12    Str: 15    XL:     3   Next: 64%
Magic:  5/5        EV:  4    Int: 15    God:
Gold:   38         SH:  0    Dex:  8    Spells: 3/4 levels left

rFire    . . .     SeeInvis .   e - +0 club
rCold    + . .     Gourm    .   (no shield)
rNeg     + + +     Faith    .   j - +1 plate armour {rF+}
rPois    ∞         Spirit   .   (no helmet)
rElec    .         Reflect  .   (no cloak)
rCorr    .         Harm     .   l - +0 pair of gloves
MR       .....                  (no boots)
Stlth    ..........             (no amulet)
Regen    0.1/turn               (no ring)
MPRegen  0.1/turn               (no ring)

@: no status effects
A: no food or potions, fire vulnerability, cold resistance 1, negative energy
resistance 3, torment resistance, unbreathing
a: no special abilities


You were on level 1 of the Dungeon.
You were not hungry.

You visited 1 branch of the dungeon, and saw 2 of its levels.

You collected 38 gold pieces.

Inventory:

Hand Weapons
 e - a +0 club (weapon)
 f - a +0 dagger
Armour
 j - a +1 plate armour of fire resistance (worn)
 l - a +0 pair of gloves (worn)
Scrolls
 c - 2 scrolls of teleportation
 h - a scroll of identify {unknown}
 k - 2 scrolls of recharging {unknown}
Books
 a - a book of Spatial Translocations

   Spells                             Type                      Level
   a - Blink                          Translocation                2
   b - Shroud of Golubria             Charms/Translocation         2
   c - Lesser Beckoning               Translocation                3
   d - Gell's Gravitas                Translocation                3
   e - Teleport Other                 Translocation                3
   f - Passage of Golubria            Translocation                4
 b - Sif Muna's Volume of Air

   Spells                             Type                      Level
   a - Shock                          Conjuration/Air              1
   b - Static Discharge               Conjuration/Air              3


   Skills:
 * Level 1.6 Fighting
 + Level 1.4 Armour
 + Level 0.5 Dodging
 - Level 1.5 Stealth
 - Level 1.3 Spellcasting
 * Level 1.0 Conjurations
   Level 5.0 Necromancy
   Level 1.0 Translocations
 - Level 0.2 Air Magic
   Level 1.0 Earth Magic


You had 3 spell levels left.
You knew the following spells:

 Your Spells              Type           Power        Failure   Level  Hunger
a - Shock                 Conj/Air       #...         100%        1    N/A

Dungeon Overview and Level Annotations

Branches:
Dungeon (2/15)

Altars:


Innate Abilities, Weirdness & Mutations

You do not eat or drink.
Your flesh is vulnerable to fire.
You are immune to poison.
Your flesh is cold resistant. (rC+)
You are immune to negative energy. (rN+++)
You are immune to unholy pain and torment.
You can survive without breathing.


Message History

The gnoll completely misses you. The gnoll hits you but does no damage.
Unknown command.
Unknown command.
You closely miss the gnoll.
The gnoll is moderately wounded.
The gnoll hits you with a halberd. The gnoll hits you with a club.
The gnoll barely misses you.
You barely miss the gnoll.
The gnoll is moderately wounded.
The gnoll hits you with a club. The gnoll hits you with a halberd!
* * * LOW HITPOINT WARNING * * *
You hit the gnoll but do no damage.
The gnoll is moderately wounded.
The gnoll hits you but does no damage. The gnoll completely misses you.
The gnoll hits you with a club.
* * * LOW HITPOINT WARNING * * *
You barely miss the gnoll.
The gnoll is moderately wounded.
The gnoll hits you with a halberd!
You die...

#..# #.# #..# #.# #..#
####.# #(.# #....#
####..######### #.####
#.............# #.#
#.##.#.######.# #.#
##.##.#.######.####.#
#...#.#...g@.)...##.#
######...#.####g#####.##!#
#..........# #.# #.##.# #
#.####.##### #.# #.##.# #
#.# #.# #.#####.##.## #
#.# #.# #...).......# #
#.# #.#
##.########..####### #.#
#.# #.....# #......... #.#
#.# #..##.# #..#######


You could see 2 gnolls.

Vanquished Creatures
  A gnoll (D:1)
  2 adders (D:1)
  An ooze (D:2)
  A dart slug (D:1)
  2 giant cockroaches (D:1)
  2 goblins (D:1)
  3 hobgoblins
  2 jackals (D:1)
  3 kobolds
  2 bats
  A frilled lizard (D:1)
  A rat (D:2)
21 creatures vanquished.

Notes
Turn   | Place    | Note
-------+----------+-------------------------------------------
     0 | D:1      | Herrn the Mummy Wanderer began the quest for the Orb.
     0 | D:1      | Herrn set off with: a book of Spatial Translocations, Sif Muna's Volume of Air, a scroll of teleportation, a +0 robe, a +0 club, a +0 dagger
     0 | D:1      | Reached XP level 1. HP: 13/13 MP: 2/2
     4 | D:1      | Identified Sif Muna's Volume of Air
     6 | D:1      | Learned a level 1 spell: Shock
   298 | D:1      | Reached skill level 1 in Fighting
   568 | D:1      | Reached XP level 2. HP: 17/21 MP: 0/4
  1396 | D:1      | Reached skill level 1 in Armour
  1396 | D:1      | Reached XP level 3. HP: 15/26 MP: 5/5
  2007 | D:1      | Reached skill level 1 in Conjurations
  2177 | D:1      | Slain by a gnoll

Vault maps used:
D:1:      lightli_arrival_lavapool
D:2:      chequers_temple_overflow_statue_of_worship

Skill      XL: |  1  2  3 |
---------------+----------+-----
Fighting       | 1 |  1.6
Armour         | 1 |  1.4
Conjurations   | 1 |  1.0
Dodging        | |  0.5
Stealth        | |  1.5
Spellcasting   | |  1.3
Necromancy     | |  5.0
Translocations | |  1.0
Air Magic      | |  0.2
Earth Magic    | |  1.0

Action                   || total
-------------------------++-------
Melee: Club              ||   203
 Cast: Shock             ||     8
Armor: Leather armour    ||    11
       Robe              ||     5
       Plate armour      ||   197
Dodge: Dodged            ||   100
